 Dungeon Crawl Stone Soup version 0.31-b1-22-gc680215f68 (webtiles) character file.

Game seed: 3339209850625737515

1502 cdecastro the Arsonist (level 8, -12/41 HPs)
             Began as a Deep Elf Fire Elementalist on Jan 18, 2024.
             Was a Follower of Lugonu.
             Mangled by a human
             ... wielding a +0 war axe
              (15 damage)
             ... in a bailey.
             The game lasted 00:16:58 (7533 turns).

cdecastro the Arsonist (Deep Elf Fire Elementalist) Turns: 7533, Time: 00:16:58

Health: -12/41     AC:  4    Str:  5    XL:     8   Next: 52%
Magic:  14/14      EV: 12    Int: 23    God:    Lugonu [*.....]
Gold:   366        SH:  0    Dex: 15    Spells: 0/13 levels left

rFire   . . .        a - +0 sling
rCold   . . .        (no shield)
rNeg    . . .        j - +0 robe
rPois   .            w - +0 helmet
rElec   .            x - +0 cloak
rCorr   .            (no gloves)
SInv    .            (no boots)
Will    .....        (no amulet)
Stlth   ++           (no ring)
HPRegen 0.26/turn    (no ring)
MPRegen 0.14/turn

%: no passive effects
@: no status effects
A: no striking features
a: Renounce Religion, Depart the Abyss


You were in a bailey.
You worshipped Lugonu.
Lugonu was aware of your devotion.
You visited 2 branches of the dungeon, and saw 8 of its levels.
You also visited: Bailey.

You collected 366 gold pieces.

Inventory:

Hand Weapons
 a - a +0 sling (weapon)
 b - a +1 dagger of venom
 G - a +0 trident of distortion
Missiles
 F - a throwing net
Armour
 j - a +0 robe (worn)
 v - a scarf of invisibility
 w - a +0 helmet (worn)
 x - a +0 cloak (worn)
 D - an orb of energy
Magical Staves
 p - a staff of fire
Jewellery
 c - an amulet of faith
 A - a +4 ring of protection
Talismans
 g - a granite talisman
Wands
 m - a wand of paralysis (8)
 q - a wand of quicksilver (10)
Scrolls
 d - 4 scrolls of identify {unknown}
 e - 2 scrolls of enchant weapon {unknown}
 f - 4 scrolls of poison {unknown}
 h - 4 scrolls of teleportation {unknown}
 o - 3 scrolls of blinking {unknown}
 r - 3 scrolls of amnesia {unknown}
 s - 2 scrolls of noise {unknown}
 y - a scroll of vulnerability {unknown}
 C - a scroll of revelation {unknown}
Potions
 i - a potion of resistance {unknown}
 k - a potion of heal wounds {unknown}
 l - 2 potions of brilliance {unknown}
 n - 2 potions of lignification {unknown}
 t - a potion of enlightenment {unknown}
 u - 2 potions of might {unknown}
 z - a potion of ambrosia {unknown}
 E - a potion of attraction {unknown}


   Skills:
 - Level 2.4 Dodging
 - Level 2.4 Stealth
 - Level 3.0 Spellcasting
 - Level 3.7 Conjurations
 * Level 11.5 Fire Magic


You couldn't memorise any spells.
You knew the following spells:

 Your Spells              Type           Power      Damage    Failure   Level
a - Foxfire               Conj/Fire      100%       2x1d9     1%          1
b - Scorch                Fire           100%       2d9       1%          2
c - Inner Flame           Hex/Fire       29%        N/A       3%          3
d - Volatile Blastmotes   Fire/Tloc      58%        2d14      3%          3
e - Flame Wave            Conj/Fire      38%        2d10      4%          4

Your spell library contained the following spells:

 Spells                   Type           Power      Damage    Failure   Level
 Lesser Beckoning         Tloc           6%         N/A       17%         2
 Gell's Gravitas          Tloc           3%         N/A       34%         3
 Teleport Other           Tloc           3%         N/A       34%         3


Dungeon Overview and Level Annotations

Branches:
Dungeon (7/15)             Temple (1/1) D:4          Bailey (1/1)

Altars:
Ashenzari
Cheibriados
Dithmenos
Elyvilon
Fedhas
Gozag
Kikubaaqudgha
Makhleb
Nemelex Xobeh
Okawaru
Qazlal
Ru
Sif Muna
Trog
Uskayaw
Wu Jian
Xom
Yredelemnul
Zin
The Shining One
Lugonu

Shops:
D:3 (

Annotations:
D:3 1 runed translucent door, Crazy Yiuf
D:5 1 runed translucent door, PaiMei's ghost, amateur DsNe


Message History

Unknown command.
Casting: Scorch (safe; 1% risk of failure)
Confirm with . or Enter, or press ? or * to list all spells.
Flames lash the human.
The human is burned terribly!
The human is severely wounded.
The human hits you with a +0 war axe!
Unknown command.
Casting: Scorch (safe; 1% risk of failure)
Confirm with . or Enter, or press ? or * to list all spells.
Flames lash the goblin.
You kill the goblin!
Lugonu accepts your kill. The human hits you with a +0 war axe.
Unknown command.
Casting: Scorch (safe; 1% risk of failure)
Confirm with . or Enter, or press ? or * to list all spells.
Flames lash the human.
The human is lightly wounded.
The human's fire resistance burns away.
The human hits you with a +0 war axe.
Unknown command.
Casting: Scorch (safe; 1% risk of failure)
Confirm with . or Enter, or press ? or * to list all spells.
Flames lash the human but do no damage.
The human hits you with a +0 war axe.
* * * LOW HITPOINT WARNING * * *
Unknown command.
Casting: Scorch (safe; 1% risk of failure)
Confirm with . or Enter, or press ? or * to list all spells.
Flames lash the human.
The human is burned terribly!
The human is heavily wounded.
The human misses you. The human hits you with a +0 war axe.
* * * LOW HITPOINT WARNING * * *
Unknown command.
Casting: Scorch (safe; 1% risk of failure)
Confirm with . or Enter, or press ? or * to list all spells.
You don't have enough magic to cast this spell.
Unknown command.
Magic courses through your body. The human hits you with a +0 war axe!
* * * LOW HITPOINT WARNING * * *
The human hits you with a +0 war axe!
You die...

##### ##...##
+..∩..#
######.....#
#....'.)p@.#
#......##.p.##
#...... #####
######. ##


You could see 2 humans.

Vanquished Creatures
  Grinder (D:3)
  Sigmund (D:3)
  A human (D:6)
  3 ice beasts
  2 ogres
  A kobold brigand (D:7)
  2 gnoll sergeants
  2 scorpions (D:5)
  A bombardier beetle (D:3)
  A jelly (D:5)
  Ijyb (D:3)
  2 iguanas
  2 orc wizards (D:6)
  Robin (D:4)
  7 gnolls
  4 adders
  A shadow imp (D:5)
  A dart slug (D:1)
  6 orcs
  3 bats
  8 endoplasms
  3 giant cockroaches
  16 goblins
  6 hobgoblins
  6 quokkas
  4 ball pythons
  3 frilled lizards
  A jackal zombie (D:6)
  9 kobolds
  A kobold zombie (D:6)
  4 rats
104 creatures vanquished.

Vanquished Creatures (others)
  54 foxfires
54 creatures vanquished.

Grand Total: 158 creatures vanquished

Notes
Turn   | Place    | Note
-------+----------+-------------------------------------------
     0 | D:1      | cdecastro the Deep Elf Fire Elementalist began the quest
                  | for the Orb.
     0 | D:1      | Reached XP level 1. HP: 10/10 MP: 6/6
   490 | D:1      | Reached XP level 2. HP: 15/15 MP: 4/8
   495 | D:1      | Learned a level 2 spell: Scorch
  1037 | D:2      | Reached XP level 3. HP: 19/19 MP: 2/9
  1788 | D:3      | Noticed Sigmund
  2027 | D:3      | Killed Sigmund
  2028 | D:3      | Reached skill level 5 in Fire Magic
  2028 | D:3      | Reached XP level 4. HP: 24/24 MP: 3/10
  2028 | D:3      | Reached XP level 5. HP: 28/28 MP: 3/11
  2113 | D:3      | Reached skill level 6 in Fire Magic
  2262 | D:3      | Found Xuun's Antique Weapon Emporium.
  2304 | D:3      | Found a runed translucent door.
  2305 | D:3      | Noticed Crazy Yiuf
  2570 | D:3      | Noticed Ijyb
  2573 | D:3      | Killed Ijyb
  2708 | D:3      | Noticed Grinder
  2714 | D:3      | Paralysed by Grinder for 2 turns
  2858 | D:3      | Killed Grinder
  2859 | D:3      | Reached skill level 7 in Fire Magic
  2859 | D:3      | Reached XP level 6. HP: 29/32 MP: 5/12
  2863 | D:3      | Learned a level 3 spell: Inner Flame
  2867 | D:3      | Learned a level 3 spell: Volatile Blastmotes
  3067 | D:3      | Found a faded altar of an unknown god.
  3298 | D:3      | Prayed at the altar of an unknown god.
  3298 | D:3      | Became a worshipper of Lugonu the Unformed
  3298 | D:3      | Reached * piety under Lugonu
  3777 | D:4      | Noticed Robin
  3900 | D:4      | Killed Robin
  3985 | D:4      | Reached skill level 8 in Fire Magic
  3985 | D:4      | Reached XP level 7. HP: 36/36 MP: 4/13
  4326 | D:4      | Found a staircase to the Ecumenical Temple.
  4639 | Temple   | Entered the Ecumenical Temple
  4666 | D:5      | Entered Level 5 of the Dungeon
  5073 | D:5      | Reached skill level 9 in Fire Magic
  5391 | D:5      | Found a runed translucent door.
  5392 | D:5      | Noticed PaiMei's ghost (amateur DsNe)
  5703 | D:5      | Reached skill level 10 in Fire Magic
  5703 | D:5      | Reached XP level 8. HP: 41/41 MP: 5/14
  5708 | D:5      | Learned a level 4 spell: Flame Wave
  5848 | D:5      | Found a burning altar of Makhleb.
  5912 | D:5      | Found a white marble altar of Elyvilon.
  6795 | D:6      | Reached skill level 11 in Fire Magic
  6997 | D:6      | Found a runed translucent door.
  7002 | D:6      | Found a basalt altar of Yredelemnul.
  7453 | D:7      | Found a flagged portal.
  7468 | Bailey   | Entered a bailey
  7533 | Bailey   | Mangled by a human

Illustrated notes

Levels and vault maps discovered:
D:1:      amcnicky_arrival_wind_blow, layout_basic
D:2:      layout_basic
D:3:      layout_basic, shapermc_ecumenical_altar_hornbeckon, serial_shops,
          shop, uniq_sigmund, uniq_grinder, uniq_crazy_yiuf_cottage, uniq_ijyb
D:4:      layout_basic, temple_doors_e, kennysheep_small_spiral,
          chequers_hall_statues_corner_a, minmay_crystal_room,
          kennysheep_generic_room_16, uniq_robin
D:5:      layout_layer_cave, mainiacjoe_overflow_catwalk, makhleb_grotto_becter,
          ebering_ghost_sewer_d
D:6:      layout_cave_pools, dk_yredelemnul_ordeal, serial_bayou_pond_d
D:7:      layout_gridville, vehumet_statue,
          nicolae_hepliaklqana_monster_ancestors, enter_bailey_4,
          minmay_fire_ice_demons
Temple:   nicolae_temple_bog_church
Bailey:   bailey_axe_froggy_fort_hellmonk, bailey

Skill      XL: |  1  2  3  4  5  6  7  8 |
---------------+-------------------------+-----
Conjurations   | 2 3 |  3.7
Fire Magic     | 5 7 8 10 11 | 11.5
Dodging        | |  2.4
Stealth        | |  2.4
Spellcasting   | |  3.0

Action                     |  1- 3 |  4- 6 |  7- 9 || total
---------------------------+-------+-------+-------++-------
   Fire: Sling             |     1 |    12 |     6 ||    19
   Cast: Foxfire           |    13 |     3 |    16 ||    32
         Scorch            |    31 |    47 |    67 ||   145
         Volatile Blastmot |       |       |    11 ||    11
    Use: Potion            |       |       |     1 ||     1
 Armour: Robe              |     6 |     9 |    30 ||    45
  Dodge: Dodged            |     5 |     8 |    15 ||    28
